 Dungeon Crawl Stone Soup version 0.29-a0-541-gaf1fc19f1b (webtiles) character file.

Game seed: 12570741459351335791

30 quinnr the Gusty (level 3, -3/14 (19) HPs)
             Began as a Tengu Air Elementalist on June 2, 2022.
             Slain by Terence
             ... wielding the +7 Throatcutter {drain, coup de grace}
              (9 damage)
             ... on level 2 of the Dungeon.
             The game lasted 00:02:52 (1589 turns).

quinnr the Gusty (Tengu Air Elementalist)           Turns: 1589, Time: 00:02:52

HP:   -3/14 (19)    AC:  2    Str:  8    XL:     3   Next: 20%
MP:   4/7           EV: 12    Int: 17    God:
Gold: 46            SH:  0    Dex: 14    Spells: 5/6 levels left

rFire   . . .      SeeInvis .   e - +2 whip (flame)
rCold   + . .      Faith    .   (no shield)
rNeg    . . .      Spirit   .   a - +0 robe
rPois   .          Reflect  .   (helmet restricted)
rElec   .          Harm     .   (no cloak)
rCorr   .          Rampage  .   (no gloves)
Will    .....                   (boots unavailable)
Stlth   ++........              (no amulet)
HPRegen 0.04/turn               k - ring of protection from cold
MPRegen 0.10/turn               (no ring)

@: very heavily drained
A: beak, talons 3
a: no special abilities


You were on level 2 of the Dungeon.
You visited 1 branch of the dungeon, and saw 2 of its levels.

You collected 46 gold pieces.

Inventory:

Hand Weapons
 e - a +2 whip of flaming (weapon)
Armour
 a - a +0 robe (worn)
Jewellery
 k - a ring of protection from cold (left hand)
Scrolls
 f - a scroll of teleportation {unknown}
 i - a scroll of fear {unknown}
 j - a scroll of immolation {unknown}
 l - a scroll of enchant weapon {unknown}
 m - a scroll of amnesia {unknown}
Potions
 b - a potion of magic
 c - a potion of resistance {unknown}
 d - a potion of flight {unknown}
 g - 2 potions of curing
 h - a potion of mutation {unknown}


   Skills:
 - Level 2.1 Dodging
 - Level 2.0 Stealth
 - Level 2.0 Spellcasting
 - Level 1.3 Conjurations
 + Level 5.6 Air Magic


You had 5 spell levels left.
You knew the following spells:

 Your Spells              Type           Power      Damage    Failure   Level
a - Shock                 Conj/Air       52%        1d6       4%          1

Your spell library contained the following spells:

 Spells                   Type           Power      Damage    Failure   Level
 Swiftness                Air            21%        N/A       5%          3
 Static Discharge         Conj/Air       13%        N/A       7%          2
 Magic Dart               Conj           24%        1d4       11%         1
 Airstrike                Air            10%        N/A       19%         4
 Mephitic Cloud           Conj/Pois/Air  9%         N/A       22%         3
 Call Imp                 Summ           1%         N/A       28%         2


Dungeon Overview and Level Annotations

Branches:
Dungeon (2/15)

Altars:

Shops:
D:1 *

Annotations:
D:2 Terence


Innate Abilities, Weirdness & Mutations

You have a beak for a mouth.
You have claws for feet.


Message History

The zap hits the giant cockroach.
The giant cockroach is heavily wounded.
The zap hits the giant cockroach.
The giant cockroach is severely wounded.
A giant cockroach is nearby!
The zap hits the giant cockroach.
You kill the giant cockroach!
Key pressed, stopping explore.
You can't see any susceptible monsters within range! (Use Z to cast anyway.) Key pressed, stopping explore.
Terence the Incautious comes into view.
He is wielding the +7 Throatcutter {drain, coup de grace}.
The zap hits Terence.
Terence is lightly wounded.
The zap hits Terence.
Terence is moderately wounded.
The zap hits Terence but does no damage.
Terence is moderately wounded.
The zap misses Terence. x2; Terence closely misses you.
The zap hits Terence but does no damage.
Terence is moderately wounded.
The zap hits Terence.
Terence is heavily wounded.
Terence hits you with the +7 Throatcutter {drain, coup de grace}!
You feel drained.
You are too injured to fight recklessly!
Unknown command.
Terence attacks as you move away! Terence completely misses you.
Terence attacks as you move away!
Terence hits you with the +7 Throatcutter {drain, coup de grace}.
* * * LOW HITPOINT WARNING * * *
You feel drained.
It was a potion of curing.
You feel better.
Terence hits you with the +7 Throatcutter {drain, coup de grace}.
You feel drained.
Okay, then.
You hit Terence but do no damage. You peck Terence, but do no damage.
Terence is heavily wounded.
Terence hits you with the +7 Throatcutter {drain, coup de grace}!
Ouch! That really hurt!
You die...

#.# #.# #.# #.#
##.####.# #.#
#.......# #.#
#..####.### #.#
#..# #<...# #.#
#..# ##.#.# #.#
#..# ..#.# #.#
#..# #### # #.#
#.@# .. #.#
#.@###@.
#.#######....#.#
#..........#.#.#
############.#.#
#.#.# #...#
#####


You could see Terence.

Vanquished Creatures
  A dart slug (D:1)
  3 ball pythons
  2 endoplasms
  A giant cockroach (D:2)
  2 hobgoblins
  3 jackals (D:1)
  4 kobolds
  A frilled lizard (D:2)
  6 goblins
  A rat (D:1)
24 creatures vanquished.

Notes
Turn   | Place    | Note
-------+----------+-------------------------------------------
     0 | D:1      | quinnr the Tengu Air Elementalist began the quest for the
                  | Orb.
     0 | D:1      | Reached XP level 1. HP: 10/10 MP: 4/4
   441 | D:1      | Reached XP level 2. HP: 15/15 MP: 3/6
   501 | D:1      | Found Dalytunu's General Store.
   693 | D:1      | Reached skill level 5 in Air Magic
  1223 | D:2      | Reached XP level 3. HP: 19/19 MP: 4/7
  1574 | D:2      | Noticed Terence
  1587 | D:2      | HP: 1/17 [Terence/the +7 Throatcutter {drain, coup de
                  | grace} (6)]
  1589 | D:2      | Slain by Terence

Illustrated notes

Levels and vault maps discovered:
D:1:      minmay_arrival_stone_box, layout_loops_corners, serial_shops,
          nicolae_shop_stone
D:2:      layout_basic, uniq_terence

Skill      XL: |  1  2 |
---------------+-------+-----
Air Magic      | 5 |  5.6
Dodging        | |  2.1
Stealth        | |  2.0
Spellcasting   | |  2.0
Conjurations   | |  1.3

Action                   || total
-------------------------++-------
Melee: Whip              ||     2
       Peck              ||     1
 Cast: Shock             ||    54
  Use: Potion            ||     1
Dodge: Dodged            ||     3

Table legend: (Time is in decaauts)
 A = Elapsed time spent in this place.
 B = Non-inter-level travel time spent in this place.
 C = Inter-level travel time spent in this place.
 D = Time resting spent in this place.
 E = Time spent auto-exploring this place.
 F = Levels seen in this place.
 G = Mean time per level.
                   A        B        C        D        E       F      G
               +--------+--------+--------+--------+--------+-----+--------+
         Total |   1587 |   1568 |     19 |      3 |   1410 |   2 |  793.5 |
       Dungeon |   1587 |   1568 |     19 |      3 |   1410 |   2 |  793.5 |
               +--------+--------+--------+--------+--------+-----+--------+

Top non-repeatable levels by time:
     D:1: 1211 daAuts
     D:2: 376 daAuts
